 Dungeon Crawl Stone Soup version 0.27.1-3-gb3d3a73c9e (webtiles) character file.

Game seed: 15028992572270852918

3800 Turgor the Arsonist (level 9, -7/62 HPs)
             Began as a Demigod Fire Elementalist on Oct 25, 2021.
             Mangled by a skeletal warrior (19 damage)
             ... on level 8 of the Dungeon.
             The game lasted 00:58:12 (9773 turns).

Turgor the Arsonist (Demigod Fire Elementalist)     Turns: 9773, Time: 00:58:12

Health: -7/62      AC:  8    Str:  9    XL:     9   Next: 64%
Magic:  2/23       EV: 11    Int: 29    God:
Gold:   15         SH:  0    Dex: 14    Spells: 6/22 levels left

rFire    + . .     SeeInvis .   L - +3 dagger (venom)
rCold    . . .     Faith    .   (no shield)
rNeg     . . .     Spirit   .   u - +3 leather armour
rPois    .         Reflect  .   w - +0 helmet
rElec    .         Harm     .   (no cloak)
rCorr    .         Rampage  .   k - +0 pair of gloves
Will     .....                  (no boots)
Stlth    ++........             (no amulet)
HPRegen  0.20/turn              h - ring of protection from fire
MPRegen  0.18/turn              F - ring of wizardry

@: very slightly contaminated
A: high mp 1, forlorn
a: no special abilities


You were on level 8 of the Dungeon.
You visited 1 branch of the dungeon, and saw 8 of its levels.
You also visited: Sewer.

You collected 305 gold pieces.
You spent 290 gold pieces at shops.

Inventory:

Hand Weapons
 x - a +0 hunting sling
 A - a +2 vorpal longbow
 C - a +3 vampiric dagger
 L - a +3 dagger of venom (weapon)
Missiles
 i - 2 atropa-tipped darts
 j - 35 poisoned darts (quivered)
 l - 205 stones
Armour
 k - a +0 pair of gloves (worn)
 u - a +3 leather armour (worn)
 w - a +0 helmet (worn)
Jewellery
 h - a ring of protection from fire (left hand)
 y - a ring of magical power
 F - a ring of wizardry (right hand)
 G - a ring of positive energy
Wands
 B - a wand of polymorph (4)
Scrolls
 a - a scroll of vulnerability {unknown}
 e - a scroll of teleportation {unknown}
 m - 2 scrolls of enchant armour {unknown}
 n - 4 scrolls of amnesia
 o - 2 scrolls of fog {unknown}
 p - 3 scrolls of magic mapping {unknown}
 q - a scroll of blinking {unknown}
 z - 2 scrolls of immolation {unknown}
 D - a scroll of acquirement {unknown}
 E - a scroll of enchant weapon {unknown}
 J - a scroll of torment {unknown}
Potions
 d - a potion of invisibility
 g - a potion of brilliance
 r - 5 potions of flight
 s - 3 potions of mutation
 t - 2 potions of curing
 v - a potion of resistance
 H - a potion of magic
 I - a potion of might
 K - a potion of attraction


   Skills:
 - Level 1.7 Dodging
 - Level 1.7 Stealth
 + Level 7.1 Spellcasting
 + Level 7.6 Conjurations
 + Level 8.1 Fire Magic


You had 6 spell levels left.
You knew the following spells:

 Your Spells              Type           Power      Damage    Failure   Level
a - Foxfire               Conj/Fire      100%       2x1d9     1%          1
b - Conjure Flame         Conj/Fire      54%        6-21      1%          3
c - Sticky Flame          Conj/Fire      54%        2d7       1%          4
d - Fireball              Conj/Fire      27%        3d12      3%          5
e - Gell's Gravitas       Tloc           5%         N/A       9%          3

Your spell library contained the following spells:

 Spells                   Type           Power      Damage    Failure   Level
 Inner Flame              Hex/Fire       33%        N/A       1%          3
 Corona                   Hex            11%        N/A       2%          1
 Ensorcelled Hibernation  Hex/Ice        20%        N/A       4%          2
 Lesser Beckoning         Tloc           5%         N/A       9%          3
 Teleport Other           Tloc           10%        N/A       9%          3
 Tukima's Dance           Hex            10%        N/A       9%          3
 Summon Ice Beast         Ice/Summ       10%        N/A       26%         4
 Summon Mana Viper        Hex/Summ       10%        N/A       58%         5
 Monstrous Menagerie      Summ           5%         N/A       100%        7


Dungeon Overview and Level Annotations

Branches:
Dungeon (8/15)             Temple (0/1) D:4           Sewer (visited)
   Lair: D:8-11

Shops:
D:1 [   D:4 (   D:8 **

Annotations:
D:2 Natasha


Innate Abilities, Weirdness & Mutations

Your attributes grow dramatically as you level up.
You have an increased reservoir of magic. (+10% MP)
You shall have no god before yourself.


Message History

Confirm with . or Enter, or press ? or * to list all spells.
Aiming: Sticky Flame (dangerous; 1% risk of failure)
Press: ? - help, Shift-Dir - straight line, f - orc
Aim: an orc, wielding a +0 club (100% to hit)
The sticky flame hits the orc.
The orc is heavily wounded.
The orc is covered in liquid flames!
The orc burns!
You kill the orc!
Casting: Sticky Flame (dangerous; 1% risk of failure)
Confirm with . or Enter, or press ? or * to list all spells.
Aiming: Sticky Flame (dangerous; 1% risk of failure)
Press: ? - help, Shift-Dir - straight line, f - skeletal warrior
Aim: a skeletal warrior, wielding a +0 mace (100% to hit)
The sticky flame hits the skeletal warrior but does no damage.
The skeletal warrior is covered in liquid flames!
The skeletal warrior burns!
The skeletal warrior hits you with a +0 mace!
* * * LOW HITPOINT WARNING * * *
Okay, then.
The skeletal warrior burns!
Okay, then.
Okay, then.
Press: ? - help, . - travel You can't see that place. [a rock wall.] Unknown command.
Unknown command.
The skeletal warrior burns!
There is an escape hatch in the ceiling here.
As you read the scroll of fear, it crumbles to dust.
You assume a fearsome visage.
The skeletal warrior is unaffected.
The orc wizard looks frightened!
The skeletal warrior burns!
The skeletal warrior stops burning.
The skeletal warrior hits you with a +0 mace.
* * * LOW HITPOINT WARNING * * *
The orc wizard gestures wildly while chanting.
The orc wizard flickers and vanishes!
Deactivating autopickup; reactivate with Ctrl-A.
The skeletal warrior hits you with a +0 mace!!
You die...

#.#.###.#.# #..######.
.####.#.#≈≈≈#.# #..######.
.......)≈≈)≈≈.# #........#
......#...∩≈≈.####..#####..
.#......≈≈≈≈≈.(.)).........
######..≈≈≈..####..##.####
#...#.##..........# # #.∩
#.#.....#####... #..
#.{z@....# #.##. #.>
#.#..##### ##. ..
#...#o##.# .. . ######)##.#
## #.....(##.# ###.##.####
.. ##(#### #####)....#
..###F.....####


You could see a skeletal warrior.

Vanquished Creatures
  A meliai (D:8)
  A hornet (D:6)
  Sigmund (D:5)
  A steam dragon (D:6)
  2 water moccasins
  A sky beast (D:6)
  A necrophage (D:5)
  5 orc warriors
  An ice beast (D:6)
  2 ogres
  2 centaurs
  A kobold brigand (D:7)
  4 bullfrogs
  A scorpion (D:7)
  A water moccasin zombie (D:5)
  3 howler monkeys (D:7)
  2 centaur zombies
  2 centaur skeletons
  7 hounds
  A jelly (D:5)
  4 orc priests
  A bullfrog skeleton (D:5)
  4 iguanas
  6 orc wizards
  A killer bee zombie (D:5)
  10 adders
  A river rat (D:3)
  A shadow imp (D:6)
  An ufetubus (D:5)
  An adder skeleton (D:4)
  9 worms
  A dart slug (D:2)
  24 orcs
  11 ball pythons
  9 endoplasms
  4 giant cockroaches
  3 hobgoblins (D:1)
  8 jackals
  16 kobolds
  4 quokkas
  14 bats
  4 frilled lizards
  10 goblins
  7 rats
194 creatures vanquished.

Vanquished Creatures (others)
  An orc wizard (D:8)
  516 foxfires
517 creatures vanquished.

Grand Total: 711 creatures vanquished

Notes
Turn   | Place    | Note
-------+----------+-------------------------------------------
     0 | D:1      | Turgor the Demigod Fire Elementalist began the quest for
                  | the Orb.
     0 | D:1      | Reached XP level 1. HP: 14/14 MP: 5/5
    55 | D:1      | Reached skill level 1 in Conjurations
   487 | D:1      | Found Qenul Zyuni's Armour Boutique.
   492 | D:1      | Reached XP level 2. HP: 20/20 MP: 0/7
   611 | D:1      | Reached skill level 3 in Fire Magic
  1173 | D:2      | Reached XP level 3. HP: 26/26 MP: 2/9
  1179 | D:1      | Learned a level 3 spell: Conjure Flame
  1626 | D:2      | Noticed Natasha
  2483 | D:3      | Reached XP level 4. HP: 33/33 MP: 8/10
  2653 | D:3      | Found a glowing drain.
  2697 | Sewer    | Entered a sewer
  3153 | Sewer    | Learned a level 4 spell: Sticky Flame
  3896 | D:3      | Reached XP level 5. HP: 10/38 MP: 6/12
  4151 | D:4      | Reached skill level 4 in Fire Magic
  4193 | D:4      | Found a staircase to the Ecumenical Temple.
  4597 | D:4      | Found Fipatai's Weapon Shop.
  4918 | D:4      | Bought a +3 vampiric dagger for 230 gold pieces
  4922 | D:5      | Entered Level 5 of the Dungeon
  5005 | D:5      | Noticed Sigmund
  5040 | D:5      | Killed Sigmund
  5041 | D:5      | Reached XP level 6. HP: 15/45 MP: 12/14
  5323 | D:5      | Reached XP level 7. HP: 44/50 MP: 7/16
  5433 | D:5      | Learned a level 5 spell: Fireball
  5441 | D:5      | Reached skill level 5 in Fire Magic
  6560 | D:6      | Reached skill level 5 in Conjurations
  6700 | D:6      | Reached skill level 5 in Spellcasting
  6704 | D:6      | Learned a level 3 spell: Gell's Gravitas
  6755 | D:6      | Reached XP level 8. HP: 57/57 MP: 12/19
  6787 | D:6      | Reached skill level 6 in Fire Magic
  7292 | D:6      | Noticed a hornet
  7300 | D:6      | Killed a hornet
  8027 | D:6      | Reached skill level 7 in Fire Magic
  8386 | D:7      | Reached XP level 9. HP: 62/62 MP: 15/22
  9583 | D:8      | Found Yganenul's Assorted Antiques.
  9613 | D:8      | Found Yquamet's General Store.
  9618 | D:8      | Bought a scroll labelled VEZIUG MICVES for 30 gold pieces
  9618 | D:8      | Bought a scroll labelled QEMA GEEMNURCHE for 30 gold pieces
  9736 | D:8      | Reached skill level 8 in Fire Magic
  9758 | D:8      | Noticed a skeletal warrior
  9773 | D:8      | Mangled by a skeletal warrior

Illustrated notes

Levels and vault maps discovered:
D:1:      heliophobic_arrival_glass_houses, layout_basic, serial_shops, shop,
          minmay_misc_feat_secret_circle
D:2:      layout_basic, supply_closet_lemuel, st_stairs_13, uniq_natasha
D:3:      layout_basic, portal_sewer_entry_a
D:4:      layout_cave_pools, minmay_temple_entry_purple_smoke, serial_shops,
          nicolae_shop_statue_plus
D:5:      layout_basic, uniq_sigmund
D:6:      layout_layer_cave
D:7:      layout_layer_cave, zin_scriptorium
D:8:      layout_loops_ring, serial_shops, nicolae_shop_crystal,
          nicolae_take_the_stairs, shop, shop, nicolae_shop_waterfront,
          minmay_shop_damaged, skrybe_limestone_x, grunt_ministairs_3,
          hangedman_feature_mirror

Skill      XL: |  1  2  3  4  5  6  7  8  9 |
---------------+----------------------------+-----
Conjurations   | 1 2 3 4 5 6 7 |  7.6
Spellcasting   | 2 3 4 5 6 7 |  7.1
Fire Magic     | 3 4 5 7 8 |  8.1
Dodging        | |  1.7
Stealth        | |  1.7

Action                   |  1- 3 |  4- 6 |  7- 9 || total
-------------------------+-------+-------+-------++-------
Melee: Unarmed           |     1 |       |       ||     1
       Dagger            |    28 |    35 |    90 ||   153
Throw: Dart              |     2 |     5 |    23 ||    30
 Cast: Foxfire           |    76 |   124 |    95 ||   295
       Sticky Flame      |       |     2 |    44 ||    46
       Fireball          |       |       |     3 ||     3
Evoke: Wand              |       |     2 |       ||     2
  Use: Scroll            |     4 |     3 |     5 ||    12
       Potion            |       |     3 |     1 ||     4
 Stab: Sleeping          |     1 |       |     2 ||     3
       Invisible         |       |       |     2 ||     2
Armor: Robe              |     7 |     9 |       ||    16
       Leather armour    |       |       |    54 ||    54
Dodge: Dodged            |    17 |    33 |    83 ||   133
